[ PARTIDA AOE2 · #495775274 ]
UnrankedMagiares vs Franks
Equipo del jugador · VICT
Equipo rival · DERR
[ ANÁLISIS DE REPETICIÓN · EXTRAÍDO DE LA PARTIDA GRABADA ]
Feudal
9:13
Castillos
20:16
Imperial
—
| APM promedio | 33.7 |
| APM pico | 76 |
| eAPM promedio | 12.1 |
| Aldeanos / militares | 56 / 26 |
Foco
⚔️ 17.3% · 🌾 82.7%
Knight ×18 · Scout Cavalry ×4 · Spearman ×3 · Monk ×1
Feudal
10:10
Castillos
21:43
Imperial
—
| APM promedio | 21.0 |
| APM pico | 56 |
| eAPM promedio | 15.0 |
| Aldeanos / militares | 55 / 30 |
Foco
⚔️ 29.5% · 🌾 70.5%
Knight ×22 · Spearman ×8
Mapa de la partida
Recursos iniciales + cada clic de construcción. Líneas = muros · curvas = relieve. ◆ oro · ⬟ piedra · ● bayas · ✦ reliquia · ◌ hueco del cierre
Tu base· ✓ Cerrada en 20:16 · 41t muro · sin puerta
Base de juani.sanpedro· Abierta — el rival se encerró
Terreno inicial suavizado · ◌ = hueco del cierre detectado · pasá el cursor para detalles
Inputs por minuto
— NicoC - - juani.sanpedro
Build order — NicoC
143 acciones detectadas en el replay
| 0:00 | Crear | Villager (Male) |
| 0:01 | Crear | Villager (Male) |
| 0:01 | Crear | Villager (Male) |
| 0:01 | Crear | Villager (Male) |
| 0:02 | Construir | House |
| 0:04 | Construir | House |
| 1:28 | Crear | Villager (Male) |
| 1:28 | Crear | Villager (Male) |
| 1:54 | Construir | Lumber Camp |
| 1:56 | Crear | Villager (Male) |
| 2:28 | Crear | Villager (Male) |
| 2:55 | Crear | Villager (Male) |
| 2:56 | Crear | Villager (Male) |
| 3:14 | Construir | House |
| 3:25 | Crear | Villager (Male) |
| 3:25 | Crear | Villager (Male) |
| 3:45 | Crear | Villager (Male) |
| 4:03 | Construir | Mill |
| 4:13 | Crear | Villager (Male) |
| 4:58 | Crear | Villager (Male) |
| 4:59 | Crear | Villager (Male) |
| 5:21 | Crear | Villager (Male) |
| 5:52 | Crear | Villager (Male) |
| 5:53 | Investigar | Loom |
| 6:58 | Investigar | Feudal Age |
| 7:53 | Construir | House |
| 8:00 | Construir | Barracks |
| 8:20 | Construir | Palisade Wall |
| 8:25 | Crear | Villager (Male) |
| 9:11 | Construir | Palisade Wall |
| 9:13 | Edad | Edad Feudal |
| 9:27 | Construir | Stable |
| 9:29 | Crear | Spearman |
| 9:34 | Crear | Villager (Male) |
| 9:35 | Crear | Villager (Male) |
| 9:51 | Construir | Palisade Wall |
| 9:54 | Crear | Villager (Male) |
| 9:57 | Construir | Farm |
| 9:57 | Crear | Villager (Male) |
| 10:18 | Crear | Scout Cavalry ×3 |
| 10:27 | Construir | House |
| 10:28 | Crear | Villager (Male) |
| 10:33 | Construir | Farm |
| 10:46 | Construir | House |
| 10:53 | Construir | Palisade Wall |
| 11:00 | Construir | Farm |
| 11:14 | Construir | Palisade Wall |
| 11:30 | Construir | Mill |
| 11:55 | Crear | Spearman |
| 12:20 | Crear | Villager (Male) |
| 12:20 | Crear | Villager (Male) |
| 12:24 | Construir | Farm |
| 12:28 | Construir | House |
| 12:31 | Crear | Villager (Male) |
| 12:37 | Construir | Farm |
| 12:46 | Crear | Spearman |
| 12:53 | Construir | Farm |
| 12:54 | Crear | Scout Cavalry |
| 13:02 | Construir | Palisade Wall |
| 13:05 | Crear | Villager (Male) |
| 13:28 | Construir | Farm |
| 13:28 | Crear | Villager (Male) |
| 13:32 | Investigar | Double-Bit Axe |
| 14:40 | Construir | Mining Camp |
| 14:41 | Crear | Villager (Male) |
| 14:41 | Crear | Villager (Male) |
| 14:57 | Crear | Villager (Male) |
| 15:25 | Construir | Farm |
| 15:27 | Construir | Farm |
| 15:40 | Construir | Farm |
| 15:43 | Construir | Farm |
| 15:58 | Crear | Villager (Male) |
| 16:03 | Construir | Market |
| 16:15 | Crear | Villager (Male) |
| 16:19 | Construir | Farm |
| 16:22 | Construir | Farm |
| 16:31 | Crear | Villager (Male) |
| 16:50 | Construir | Blacksmith |
| 17:34 | Construir | Stable |
| 17:36 | Investigar | Castle Age |
| 17:58 | Construir | House |
| 18:10 | Construir | Farm |
| 18:19 | Investigar | Horse Collar |
| 18:36 | Construir | House |
| 18:38 | Construir | House |
| 18:41 | Construir | House |
| 18:45 | Construir | House |
| 19:04 | Investigar | Bloodlines |
| 19:06 | Investigar | Scale Barding Armor |
| 20:16 | Edad | Edad de los Castillos |
| 20:18 | Crear | Knight ×4 |
| 20:33 | Construir | Town Center |
| 20:40 | Crear | Knight ×2 |
| 20:44 | Crear | Villager (Male) |
| 20:44 | Crear | Villager (Male) |
| 21:16 | Crear | Villager (Male) |
| 21:16 | Crear | Villager (Male) |
| 21:20 | Crear | Villager (Male) |
| 21:29 | Investigar | Husbandry |
| 22:06 | Crear | Knight ×2 |
| 22:07 | Crear | Villager (Male) |
| 22:08 | Crear | Villager (Male) |
| 22:08 | Crear | Villager (Male) |
| 23:00 | Construir | Town Center |
| 23:17 | Crear | Knight ×2 |
| 23:23 | Construir | Farm |
| 23:27 | Construir | Farm |
| 23:46 | Construir | Palisade Gate |
| 24:08 | Investigar | Chain Barding Armor |
| 24:11 | Crear | Knight |
| 24:16 | Crear | Villager (Male) |
| 24:16 | Crear | Villager (Male) |
| 24:20 | Construir | Farm |
| 24:20 | Construir | Farm |
| 24:20 | Construir | Farm |
| 24:20 | Construir | Farm |
| 24:27 | Construir | Palisade Wall |
| 24:32 | Construir | Monastery |
| 25:13 | Crear | Knight ×3 |
| 25:37 | Construir | House |
| 26:13 | Investigar | Wheelbarrow |
| 26:20 | Crear | Villager (Male) |
| 26:21 | Crear | Villager (Male) |
| 26:27 | Construir | Farm |
| 26:31 | Construir | Farm |
| 26:52 | Crear | Knight ×2 |
| 26:57 | Crear | Villager (Male) |
| 26:57 | Crear | Villager (Male) |
| 26:58 | Crear | Villager (Male) |
| 27:03 | Construir | Farm |
| 27:06 | Construir | Farm |
| 27:15 | Construir | Lumber Camp |
| 27:19 | Crear | Monk |
| 27:31 | Construir | Farm |
| 27:46 | Crear | Knight |
| 28:09 | Crear | Knight |
| 28:11 | Crear | Villager (Male) |
| 28:11 | Crear | Villager (Male) |
| 28:11 | Crear | Villager (Male) |
| 28:12 | Crear | Villager (Male) |
| 28:12 | Crear | Villager (Male) |
| 28:12 | Crear | Villager (Male) |
| 28:15 | Construir | Farm |
Build order — juani.sanpedro
Primeras 150 de 174 acciones detectadas
| 0:04 | Crear | Villager (Male) |
| 0:04 | Crear | Villager (Male) |
| 0:04 | Crear | Villager (Male) |
| 0:05 | Crear | Villager (Male) |
| 0:07 | Construir | House |
| 0:09 | Construir | House |
| 1:37 | Crear | Villager (Male) |
| 1:51 | Crear | Villager (Male) |
| 2:15 | Crear | Villager (Male) |
| 2:16 | Investigar | Loom |
| 2:52 | Crear | Villager (Male) |
| 3:11 | Construir | Mill |
| 3:20 | Construir | House |
| 3:30 | Construir | House |
| 3:32 | Construir | House |
| 3:36 | Crear | Villager (Male) |
| 3:59 | Crear | Villager (Male) |
| 4:12 | Crear | Villager (Male) |
| 4:54 | Crear | Villager (Male) |
| 4:54 | Crear | Villager (Male) |
| 5:28 | Construir | Palisade Wall |
| 5:29 | Construir | Palisade Gate |
| 5:35 | Construir | Lumber Camp |
| 5:42 | Crear | Villager (Male) |
| 5:43 | Crear | Villager (Male) |
| 6:19 | Crear | Villager (Male) |
| 6:19 | Crear | Villager (Male) |
| 6:38 | Construir | House |
| 6:41 | Crear | Villager (Male) |
| 7:02 | Construir | House |
| 7:42 | Construir | Palisade Wall |
| 7:44 | Construir | Palisade Gate |
| 7:55 | Investigar | Feudal Age |
| 8:03 | Construir | House |
| 8:07 | Construir | House |
| 8:12 | Construir | Palisade Wall |
| 8:38 | Construir | Palisade Gate |
| 8:43 | Construir | House |
| 8:48 | Construir | Palisade Wall |
| 10:01 | Construir | Barracks |
| 10:10 | Edad | Edad Feudal |
| 10:14 | Investigar | Double-Bit Axe |
| 10:18 | Crear | Villager (Male) |
| 10:18 | Crear | Villager (Male) |
| 10:18 | Crear | Villager (Male) |
| 10:18 | Crear | Villager (Male) |
| 10:35 | Construir | Palisade Wall |
| 10:58 | Crear | Spearman |
| 10:58 | Crear | Spearman |
| 10:59 | Crear | Spearman |
| 11:13 | Construir | Farm |
| 11:38 | Construir | Farm |
| 12:06 | Construir | Farm |
| 12:07 | Crear | Villager (Male) |
| 12:08 | Crear | Villager (Male) |
| 12:20 | Crear | Villager (Male) |
| 12:20 | Crear | Villager (Male) |
| 12:36 | Construir | Farm |
| 12:49 | Crear | Villager (Male) |
| 12:50 | Crear | Villager (Male) |
| 12:51 | Crear | Spearman |
| 12:51 | Crear | Spearman |
| 12:59 | Construir | Farm |
| 13:12 | Construir | Mill |
| 13:27 | Construir | Stable |
| 13:30 | Construir | Palisade Wall |
| 13:33 | Construir | Farm |
| 13:37 | Construir | Mining Camp |
| 14:04 | Construir | Farm |
| 14:42 | Construir | Farm |
| 14:52 | Construir | Farm |
| 14:53 | Crear | Villager (Male) |
| 14:53 | Crear | Villager (Male) |
| 14:53 | Crear | Villager (Male) |
| 14:54 | Crear | Villager (Male) |
| 14:54 | Crear | Villager (Male) |
| 14:55 | Crear | Spearman |
| 14:56 | Crear | Spearman |
| 15:22 | Construir | House |
| 15:24 | Construir | House |
| 15:27 | Construir | Farm |
| 15:33 | Crear | Spearman |
| 15:45 | Construir | Blacksmith |
| 15:48 | Construir | Farm |
| 15:53 | Construir | Palisade Wall |
| 16:00 | Crear | Villager (Male) |
| 16:01 | Crear | Villager (Male) |
| 16:12 | Construir | Farm |
| 16:23 | Construir | Palisade Gate |
| 16:29 | Crear | Villager (Male) |
| 16:29 | Crear | Villager (Male) |
| 16:38 | Construir | Farm |
| 16:49 | Construir | Palisade Wall |
| 16:52 | Construir | Palisade Wall |
| 17:01 | Crear | Villager (Male) |
| 18:09 | Construir | Stable |
| 18:12 | Construir | Stable |
| 18:16 | Construir | Farm |
| 18:24 | Investigar | Castle Age |
| 19:07 | Construir | Farm |
| 19:25 | Construir | Mining Camp |
| 19:36 | Construir | House |
| 19:41 | Construir | House |
| 19:44 | Construir | Palisade Wall |
| 19:45 | Construir | Palisade Gate |
| 20:04 | Construir | Farm |
| 20:04 | Construir | Farm |
| 20:13 | Construir | Farm |
| 20:22 | Investigar | Forging |
| 20:23 | Investigar | Scale Barding Armor |
| 20:33 | Construir | House |
| 20:34 | Construir | House |
| 20:36 | Construir | House |
| 20:45 | Crear | Villager (Male) |
| 20:45 | Crear | Villager (Male) |
| 20:47 | Crear | Villager (Male) |
| 21:43 | Edad | Edad de los Castillos |
| 21:46 | Crear | Knight |
| 21:46 | Crear | Knight |
| 21:46 | Crear | Knight |
| 21:46 | Crear | Knight |
| 21:46 | Crear | Knight |
| 21:47 | Crear | Knight |
| 21:47 | Crear | Knight |
| 21:47 | Crear | Knight |
| 21:48 | Crear | Knight |
| 21:48 | Crear | Knight |
| 21:48 | Crear | Knight |
| 22:31 | Construir | House |
| 22:39 | Construir | Farm |
| 22:41 | Construir | Farm |
| 22:42 | Crear | Villager (Male) |
| 22:42 | Crear | Villager (Male) |
| 22:49 | Construir | Farm |
| 23:01 | Investigar | Husbandry |
| 23:05 | Construir | House |
| 23:08 | Construir | House |
| 23:10 | Construir | House |
| 23:28 | Investigar | Iron Casting |
| 23:35 | Construir | Town Center |
| 24:06 | Crear | Villager (Male) |
| 24:07 | Crear | Villager (Male) |
| 24:08 | Investigar | Wheelbarrow |
| 25:38 | Crear | Villager (Male) |
| 25:38 | Crear | Villager (Male) |
| 25:38 | Crear | Villager (Male) |
| 25:39 | Crear | Villager (Male) |
| 25:46 | Construir | Farm |
| 25:48 | Crear | Villager (Male) |
| 25:48 | Crear | Villager (Male) |
Cronología de la partida
| 5:28 | juani.sanpedro · wall_segment Palisade Wall x8 |
| 7:42 | juani.sanpedro · wall_segment Palisade Wall x8 |
| 8:00 | NicoC · first_building Barracks |
| 8:12 | juani.sanpedro · wall_segment Palisade Wall x11 |
| 8:20 | NicoC · wall_segment Palisade Wall x12 |
| 8:48 | juani.sanpedro · wall_segment Palisade Wall x1 |
| 9:11 | NicoC · wall_segment Palisade Wall x2 |
| 9:13 | NicoC · age_up feudal |
| 9:27 | NicoC · first_building Stable |
| 9:51 | NicoC · wall_segment Palisade Wall x8 |
| 10:01 | juani.sanpedro · first_building Barracks |
| 10:10 | juani.sanpedro · age_up feudal |
| 10:35 | juani.sanpedro · wall_segment Palisade Wall x4 |
| 10:53 | NicoC · wall_segment Palisade Wall x1 |
| 11:14 | NicoC · wall_segment Palisade Wall x8 |
| 13:02 | NicoC · wall_segment Palisade Wall x10 |
| 13:27 | juani.sanpedro · first_building Stable |
| 13:30 | juani.sanpedro · wall_segment Palisade Wall x4 |
| 15:53 | juani.sanpedro · wall_segment Palisade Wall x6 |
| 16:49 | juani.sanpedro · wall_segment Palisade Wall x5 |
| 16:52 | juani.sanpedro · wall_segment Palisade Wall x5 |
| 19:44 | juani.sanpedro · wall_segment Palisade Wall x9 |
| 20:16 | NicoC · age_up castle |
| 20:39 | NicoC · first_market_sell 100 food |
| 21:43 | juani.sanpedro · age_up castle |
| 24:27 | NicoC · wall_segment Palisade Wall x1 |
| 24:32 | NicoC · first_building Monastery |
| 26:22 | juani.sanpedro · first_building Castle |
| 28:56 | juani.sanpedro · resign |
[ ANÁLISIS IA · 1 CRÉDITO ]
¿Qué pasó realmente en esta partida?
Wolo.gg analiza cada decisión: build order, eco, micro, errores típicos por bracket. Análisis personalizado por WhatsApp o Discord en 30 segundos.
Guía civ
Magiares
Perfil
Jugador #2667758